 Dungeon Crawl Stone Soup version 0.20-b1-24-gb21faa7 (webtiles) character file.

228 Gorglomux the Ruffian (level 5, -9/50 HPs)
             Began as a Troll Warper on May 25, 2017.
             Mangled by a gnoll
             ... wielding a cursed +0 halberd
              (12 damage)
             ... on level 3 of the Dungeon.
             The game lasted 00:02:37 (2045 turns).

Gorglomux the Ruffian (Troll Warper)                Turns: 2045, Time: 00:02:38

Health: -9/50      AC:  5    Str: 19    XL:     5   Next: 71%
Magic:  5/5        EV: 10    Int:  9    God:
Gold:   116        SH:  0    Dex: 10    Spells: 6/6 levels left

rFire    . . .     SeeInvis .     - Unarmed
rCold    . . .     Gourm    +   (no shield)
rNeg     . . .     Faith    .   a - +0 robe
rPois    .         Spirit   .   (helmet restricted)
rElec    .         Reflect  .   (no cloak)
rCorr    .         Harm     .   (gloves unavailable)
MR       .....                  (boots unavailable)
Stlth    ..........             N - amulet of rage
Regen    0.6/turn               G - ring of loudness (curse)
MPRegen  0.1/turn               (no ring)

@: no status effects
A: unfitting armour, claws 3, fast metabolism 3, gourmand, regeneration 1,
shaggy fur 1, tough skin 2
a: Evoke Berserk Rage


You were on level 3 of the Dungeon.
You were very full.

You visited 1 branch of the dungeon, and saw 4 of its levels.

You collected 116 gold pieces.

Inventory:

Missiles
 d - 5 tomahawks of dispersal (quivered)
 Z - a throwing net
Armour
 a - a +0 robe (worn)
Jewellery
 G - a cursed ring of loudness (left claw)
 N - an amulet of rage (around neck)
Scrolls
 B - 3 scrolls of blinking
 C - 2 scrolls of immolation {unknown}
 H - a scroll of remove curse
 J - a scroll of fog {unknown}
 M - 2 scrolls of identify {unknown}
 P - a scroll of random uselessness {unknown}
 Q - 2 scrolls of teleportation {unknown}
 R - a scroll of magic mapping {unknown}
Potions
 D - a potion of curing {unknown}
 F - a potion of lignification {unknown}
 K - a potion of flight {unknown}
Books
 b - a book of Spatial Translocations

   Spells                             Type                      Level
   a - Blink                          Translocation                2
   b - Shroud of Golubria             Charms/Translocation         2
   c - Lesser Beckoning               Translocation                3
   d - Gell's Gravitas                Translocation                3
   e - Teleport Other                 Translocation                3
   f - Passage of Golubria            Translocation                4
Comestibles
 f - 5 bread rations
 z - a meat ration
 L - 4 fruits
 O - 2 royal jellies


   Skills:
 + Level 2.6 Fighting
 - Level 0.8 Throwing
 - Level 1.9 Dodging
 + Level 5.4 Unarmed Combat
 - Level 1.2 Spellcasting
   Level 2.1 Translocations


You had 6 spell levels left.
You didn't know any spells.

Dungeon Overview and Level Annotations

Branches:
Dungeon (4/15)
 Temple: D:4-7

Altars:
Cheibriados
Fedhas
Sif Muna
Xom


Innate Abilities, Weirdness & Mutations

You are too large for most types of armour.
You have claws for hands.
Your metabolism is lightning-fast.
You like to eat raw meat.
Your natural rate of healing is unusually fast.
You are covered in fur. (AC +1)
You have very tough skin. (AC +2)


Message History

There is a stone staircase leading up, spattered with blood here.
You scratch the gnoll.
The gnoll is moderately wounded.
The gnoll drinks a potion.
The gnoll goes berserk!
The gnoll hits you with a halberd! The gnoll hits you with a halberd.
The orc priest hits you from afar with a trident.
* * * LOW HITPOINT WARNING * * *
You are too injured to fight recklessly!
You are too injured to fight recklessly!
Unknown command.
The gnoll barely misses you. The gnoll hits you with a halberd!
* * * LOW HITPOINT WARNING * * *
The orc priest hits you from afar with a trident.
* * * LOW HITPOINT WARNING * * *
You climb upwards.
There is a stone staircase leading down here.
The gnoll hits you with a whip.
* * * LOW HITPOINT WARNING * * *
The gnoll hits you from afar with a halberd!
You die...

######## ##......## ##........##
#..........# #########
#..........# ........#
########..........#
........###...g>@...........#
........##....gg............#
.....).[#..................##
........#..................##
..^.........................#
.########...................#
.########...................#
.........#..................#####
.......#.##.................##...


You could see 3 gnolls.

Vanquished Creatures
  3 orc wizards
  6 adders
  2 worms (D:2)
  2 dart slugs (D:1)
  2 leopard geckos (D:1)
  7 orcs
  5 bats
  7 giant cockroaches
  8 goblins
  8 hobgoblins
  7 jackals (D:1)
  3 kobolds (D:2)
  3 quokkas
  2 frilled lizards
  5 rats (D:1)
70 creatures vanquished.

Notes
Turn   | Place    | Note
-------+----------+-------------------------------------------
     0 | D:1      | Gorglomux the Troll Warper began the quest for the Orb.
     0 | D:1      | Reached XP level 1. HP: 19/19 MP: 1/1
   163 | D:1      | Reached XP level 2. HP: 27/27 MP: 2/2
   203 | D:1      | Reached skill level 3 in Unarmed Combat
   288 | D:1      | Reached XP level 3. HP: 29/33 MP: 3/3
   787 | D:2      | Reached skill level 4 in Unarmed Combat
  1041 | D:2      | Found a blossoming altar of Fedhas.
  1141 | D:2      | Found a deep blue altar of Sif Muna.
  1187 | D:2      | Found a shimmering altar of Xom.
  1309 | D:2      | Reached XP level 4. HP: 16/41 MP: 4/4
  1494 | D:2      | Reached skill level 5 in Unarmed Combat
  1495 | D:2      | Reached XP level 5. HP: 24/49 MP: 5/5
  1689 | D:3      | Found a snail-covered altar of Cheibriados.
  2045 | D:3      | Mangled by a gnoll

Skill      XL: |  1  2  3  4  5 |
---------------+----------------+-----
Unarmed Combat | 3 4 5 |  5.4
Fighting       | 2 |  2.6
Throwing       | |  0.8
Dodging        | |  1.9
Spellcasting   | |  1.2
Translocations | |  2.1

Action                   |  1- 3 |  4- 6 || total
-------------------------+-------+-------++-------
Melee: Unarmed           |   130 |    79 ||   209
       Punch             |     1 |     2 ||     3
  Use: Scroll            |       |     1 ||     1
 Stab: Sleeping          |     2 |       ||     2
  Eat: Chunk             |    17 |     6 ||    23
Armor: Robe              |    43 |    46 ||    89
Dodge: Dodged            |    65 |    55 ||   120
